 Dungeon Crawl Stone Soup version 0.22-a0-603-gfc1114d (webtiles) character file.

63 sking99 the Ruffian (level 3, -1/30 HPs)
             Began as a Draconian Transmuter on July 7, 2018.
             Slain by a leopard gecko (2 damage)
             ... on level 2 of the Dungeon.
             The game lasted 00:02:11 (1095 turns).

sking99 the Ruffian (Draconian Transmuter)          Turns: 1095, Time: 00:02:12

Health: -1/30      AC:  5    Str: 12    XL:     3   Next: 89%
Magic:  2/6        EV: 12    Int: 14    God:
Gold:   67         SH:  0    Dex: 11    Spells: 3/6 levels left

rFire    . . .     SeeInvis .     - Unarmed
rCold    . . .     Gourm    .   (no shield)
rNeg     . . .     Faith    .   (armour unavailable)
rPois    .         Spirit   .   (helmet restricted)
rElec    .         Reflect  .   (no cloak)
rCorr    .         Harm     .   (no gloves)
MR       .....                  (no boots)
Stlth    +.........             (no amulet)
HPRegen  0.10/turn              (no ring)
MPRegen  0.10/turn              (no ring)

@: no status effects
A: unfitting armour, cold-blooded, AC +5
a: no special abilities


You were on level 2 of the Dungeon.
You were not hungry.

You visited 1 branch of the dungeon, and saw 2 of its levels.

You collected 67 gold pieces.

Inventory:

Missiles
 a - 30 arrows
Scrolls
 f - a scroll of magic mapping {unknown}
 h - a scroll of teleportation {unknown}
 i - a scroll of remove curse {unknown}
Potions
 d - 2 potions of flight {unknown}
 e - a potion of mutation {unknown}
 g - a potion of curing {unknown}
Comestibles
 b - 7 chunks of flesh
 c - 3 rations


   Skills:
 + Level 2.4 Fighting
 - Level 1.7 Dodging
 * Level 4.2 Unarmed Combat
 - Level 2.0 Spellcasting
 + Level 2.2 Transmutations


You had 3 spell levels left.
You knew the following spells:

 Your Spells              Type           Power        Failure   Level  Hunger
a - Beastly Appendage     Tmut           #.....       10%         1    ##.....
b - Sticks to Snakes      Tmut           #.......     14%         2    ###....

Your spell library contained the following spells:

 Spells                   Type           Power        Failure   Level  Hunger
 Spider Form              Tmut/Pois      #.........   41%         3    ####...
 Blade Hands              Tmut           #.........   95%         5    ######.
 Ice Form                 Ice/Tmut       #.......     83%         4    #####..


Dungeon Overview and Level Annotations

Branches:
Dungeon (2/15)

Altars:

Annotations:
D:2 Sigmund


Innate Abilities, Weirdness & Mutations

Your plain brown scales are hard. (AC +5)
You cannot fit into any form of body armour.
You are cold-blooded and may be slowed by cold attacks.


Message History

You bump into the rock wall.
Something hits you. The leopard gecko bites you.
The leopard gecko closely misses you. Something hits you.
Found a scroll labeled KIMIUNOBOM.
You miss the leopard gecko. The leopard gecko closely misses you.
You miss something. The leopard gecko closely misses you. Something hits you!
The leopard gecko barely misses you.
You see here a giant cockroach corpse.
You're too confused to move!
The leopard gecko bites you. Something hits you.
* * * LOW HITPOINT WARNING * * *
The leopard gecko bites you but does no damage.
You bump into the rock wall.
You hear some strange, mumbled words.
A puff of flame appears from out of thin air!
The puff of flame hits you!
* * * LOW HITPOINT WARNING * * *
The leopard gecko misses you.
You're too confused to move!
You feel less confused. The leopard gecko bites you.
You die...

###.#####.###.........
.. ...##.# #####.##.#
#.##.##.# #.##.#
#.......# ...#.#
####.#### #...#.# #.#
#...#.. ######.######
#...### #...........#
#...# #/###@l.###.#
#{..# #......(...
#..#..#....
..........##
............
#.##..#.#.#.#.# # ...
...... . ##.. ?....


You could see a leopard gecko.

Vanquished Creatures
  An adder (D:2)
  2 oozes (D:1)
  6 bats
  5 giant cockroaches
  4 goblins (D:1)
  5 hobgoblins
  3 kobolds (D:1)
  A quokka (D:2)
  A ball python (D:2)
  2 frilled lizards
  5 rats (D:1)
35 creatures vanquished.

Vanquished Creatures (collateral kills)
  An adder (D:2)
  A rat (D:2)
2 creatures vanquished.

Grand Total: 37 creatures vanquished

Notes
Turn   | Place    | Note
-------+----------+-------------------------------------------
     0 | D:1      | sking99 the Draconian Transmuter began the quest for the Orb.
     0 | D:1      | Reached XP level 1. HP: 16/16 MP: 3/3
    40 | D:1      | Reached XP level 2. HP: 18/23 MP: 5/5
   440 | D:1      | Reached XP level 3. HP: 25/29 MP: 6/6
   453 | D:1      | Learned a level 2 spell: Sticks to Snakes
   522 | D:1      | Reached skill level 4 in Unarmed Combat
   656 | D:2      | Noticed Sigmund
  1094 | D:2      | HP: 1/30 [something/puff of flame (6)]
  1095 | D:2      | Slain by a leopard gecko

Vault maps used:
D:1:      erik_arrival_gehennom, nrook_uturn
D:2:      nemelex_xobeh_ov_fountains_minmay, elyvilon_altar_5, uniq_sigmund

Skill      XL: |  1  2  3 |
---------------+----------+-----
Fighting       | 2 |  2.4
Unarmed Combat | 4 |  4.2
Dodging        | |  1.7
Spellcasting   | |  2.0
Transmutations | |  2.2

Action                   || total
-------------------------++-------
Melee: Unarmed           ||   112
       Tailslap          ||    16
       Punch             ||     1
 Cast: Sticks to Snakes  ||     4
 Stab: Sleeping          ||     1
  Eat: Chunk             ||     1
Armor: Skin              ||    24
Dodge: Dodged            ||    80

Table legend:
 A = Spawn XP
 B = Non-spawn XP
 C = Spawn XP percentage of total XP
 D = Spawn monster count
 E = Non-spawn monster count
 F = Spawn count percentage of total count
 G = Total turns spent on level
                    A         B        C        D         E        F      G
               +---------+---------+-------+---------+---------+-------+---------
         Total |       0 |      91 |   0.0 |       0 |      37 |   0.0 |  1095
               +---------+---------+-------+---------+---------+-------+---------
           D:1 |       0 |      58 |   0.0 |       0 |      28 |   0.0 |   741
           D:2 |       0 |      33 |   0.0 |       0 |       9 |   0.0 |   354
               +---------+---------+-------+---------+---------+-------+---------
